BR (22 & UNDER)
WATERTOWN HEADHUNTERS @ PUEBLO PRAIRIE DOGS
07/15/2030
 
TOP OF THE 1ST
Watertown Headhunters batting - Pitching for Pueblo Prairie Dogs : RHP Alonso Palmeiro
Pitching: RHP Alonso Palmeiro
Batting: RHB John Weber 0-0: Called Strike
0-1: Fly out, F7 (Flyball, 7)
Batting: RHB Trent Rowe 0-0: Called Strike
0-1: Swinging Strike
0-2: Foul Ball, location: 2F
0-2: Ball
1-2: Ball
2-2: Foul Ball, location: 2F
2-2: Ball
3-2: Foul Ball, location: 2F
3-2: Strikes out swinging
Batting: LHB Leonardo Torres 0-0: Ball
1-0: Foul Ball, location: 2F
1-1: Ball
2-1: Foul Ball, location: 2F
2-2: Foul Ball, location: 2F
2-2: Strikes out looking
Top of the 1st over - 0 runs, 0 hits, 0 errors, 0 left on base; Watertown 0 - Pueblo 0
BOTTOM OF THE 1ST
Pueblo Prairie Dogs batting - Pitching for Watertown Headhunters : RHP Ray Taylor
Pitching: RHP Ray Taylor
Batting: LHB Jason King 0-0: Called Strike
0-1: Ball
1-1: Called Strike
1-2: Strikes out swinging
Batting: LHB Jesse Bowen 0-0: Ball
1-0: Ball
2-0: Ball
3-0: Called Strike
3-1: Called Strike
3-2: Fly out, F8 (Flyball, 8RS)
Batting: SHB Jeff Page 0-0: Foul Ball, location: 2F
0-1: Ball
1-1: Called Strike
1-2: Foul Ball, location: 2F
1-2: Ball
2-2: Fly out, F8 (Flyball, 8LS)
Bottom of the 1st over - 0 runs, 0 hits, 0 errors, 0 left on base; Watertown 0 - Pueblo 0
TOP OF THE 2ND
Watertown Headhunters batting - Pitching for Pueblo Prairie Dogs : RHP Alonso Palmeiro
Batting: RHB Robinson Martínez 0-0: Swinging Strike
0-1: SINGLE (Line Drive, 8RS)
Batting: SHB Carlos González 0-0: Ball
1-0: Ball
2-0: Fly out, F6 (Popup, 6D)
Batting: RHB Pedro López 0-0: Called Strike
0-1: Swinging Strike
0-2: Strikes out swinging
Batting: RHB Andrés Gutiérrez 0-0: Ball
1-0: Foul Ball, location: 2F
1-1: SINGLE (Groundball, 6MD)
Robinson Martínez to second
Runner from 2nd tries for 3rd, SAFE, no throw
Batting: RHB Paco Canó 0-0: Called Strike
0-1: Ball
1-1: Ball
2-1: Called Strike
2-2: Fielders Choice at 2nd, 5-4 (Groundball, 5)
Top of the 2nd over - 0 runs, 2 hits, 0 errors, 2 left on base; Watertown 0 - Pueblo 0
BOTTOM OF THE 2ND
Pueblo Prairie Dogs batting - Pitching for Watertown Headhunters : RHP Ray Taylor
Batting: RHB Jason Fuller 0-0: Ball
1-0: Fly out, F3 (Popup, 34S)
Batting: LHB Ronaldo Trovisqueira 0-0: Foul Ball, location: 2F
0-1: Called Strike
0-2: SINGLE (Line Drive, 4MD)
Batting: RHB Carlos Hernández 0-0: Foul Ball, location: 2F
0-1: Fly out, F7 (Flyball, 78D)
Batting: LHB Juan Branch 0-0: Ball
1-0: Foul Ball, location: 2F
1-1: Foul Ball, location: 2F
1-2: SINGLE (Line Drive, 89M)
Ronaldo Trovisqueira to second
Batting: RHB Lawrence Fairfield 0-0: Ground out 1-3 (Groundball, 13)
Bottom of the 2nd over - 0 runs, 2 hits, 0 errors, 2 left on base; Watertown 0 - Pueblo 0
TOP OF THE 3RD
Watertown Headhunters batting - Pitching for Pueblo Prairie Dogs : RHP Alonso Palmeiro
Batting: LHB José Deleón 0-0: Fly out, F8 (Flyball, 8LD)
Batting: RHB John Weber 0-0: Ball
1-0: Ball
2-0: Swinging Strike
2-1: Swinging Strike
2-2: Ball
3-2: Base on Balls
Batting: RHB Trent Rowe 0-0: Ball
1-0: Fly out, F4 (Flyball, 34D)
Batting: LHB Leonardo Torres 0-0: Ball
Throwing error on steal attempt, E2
John Weber to third
1-0: Called Strike
1-1: Foul Ball, location: 2F
1-2: Ball
2-2: Ball
3-2: Strikes out swinging
Top of the 3rd over - 0 runs, 0 hits, 1 error, 1 left on base; Watertown 0 - Pueblo 0
BOTTOM OF THE 3RD
Pueblo Prairie Dogs batting - Pitching for Watertown Headhunters : LHP Félix Quental
Pitching: LHP Félix Quental
Batting: RHB Ramón Garza 0-0: Ball
1-0: SINGLE (Flyball, 9LS)
Batting: LHB Jason King 0-0: Ball
Ramón Garza steals 2nd base
1-0: Called Strike
1-1: Fly out, F8 (Flyball, 8LS)
Batting: LHB Jesse Bowen 0-0: Called Strike
0-1: Foul Ball, location: 2F
0-2: Foul Ball, location: 2F
0-2: Ball
1-2: Fly out, F7 (Flyball, 7)
Batting: SHB Jeff Page 0-0: Called Strike
0-1: Ball
1-1: Ball
2-1: Fly out, F8 (Flyball, 89S)
Bottom of the 3rd over - 0 runs, 1 hit, 0 errors, 1 left on base; Watertown 0 - Pueblo 0
TOP OF THE 4TH
Watertown Headhunters batting - Pitching for Pueblo Prairie Dogs : RHP Alonso Palmeiro
Batting: RHB Robinson Martínez 0-0: Called Strike
0-1: Called Strike
0-2: Ball
1-2: Strikes out swinging
Batting: SHB Carlos González 0-0: Ball
1-0: Called Strike
1-1: Called Strike
1-2: Strikes out looking
Batting: RHB Pedro López 0-0: Swinging Strike
0-1: Ball
1-1: Bunt for hit - play at first, batter safe!
Batting: RHB Andrés Gutiérrez 0-0: Called Strike
0-1: Ball
1-1: Called Strike
Pedro López is caught stealing 2nd base
Top of the 4th over - 0 runs, 1 hit, 0 errors, 0 left on base; Watertown 0 - Pueblo 0
BOTTOM OF THE 4TH
Pueblo Prairie Dogs batting - Pitching for Watertown Headhunters : LHP Félix Quental
Batting: RHB Jason Fuller 0-0: Ball
1-0: Called Strike
1-1: Ball
2-1: Foul Ball, location: 2F
2-2: Strikes out swinging
Batting: LHB Ronaldo Trovisqueira 0-0: Ball
1-0: Ball
2-0: Swinging Strike
2-1: Foul Ball, location: 2F
2-2: Ball
3-2: Base on Balls
Batting: RHB Carlos Hernández 0-0: Ball
1-0: Grounds into double play, 5-4-3 (Groundball, 56)
Bottom of the 4th over - 0 runs, 0 hits, 0 errors, 0 left on base; Watertown 0 - Pueblo 0
TOP OF THE 5TH
Watertown Headhunters batting - Pitching for Pueblo Prairie Dogs : RHP Alonso Palmeiro
Batting: RHB Andrés Gutiérrez 0-0: Reached on error, E3 (Groundball, 3)
Batting: RHB Paco Canó 0-0: Ground out 4-3 (Groundball, 34)
Andrés Gutiérrez to second
Batting: LHB José Deleón 0-0: Foul Ball, location: 2F
0-1: Foul Ball, location: 2F
0-2: Foul Ball, location: 2F
0-2: Ball
1-2: Ball
2-2: Foul Ball, location: 2F
2-2: Foul Ball, location: 2F
2-2: Strikes out swinging
Batting: RHB John Weber 0-0: Fly out, F8 (Flyball, 8LM)
Top of the 5th over - 0 runs, 0 hits, 1 error, 1 left on base; Watertown 0 - Pueblo 0
BOTTOM OF THE 5TH
Pueblo Prairie Dogs batting - Pitching for Watertown Headhunters : LHP Félix Quental
Batting: LHB Juan Branch 0-0: Ball
1-0: Ball
2-0: Fly out, F3 (Popup, 34)
Batting: RHB Lawrence Fairfield 0-0: Ball
1-0: Called Strike
1-1: Foul Ball, location: 2F
1-2: Strikes out swinging
Batting: RHB Ramón Garza 0-0: Fly out, F8 (Flyball, 8RD)
Bottom of the 5th over - 0 runs, 0 hits, 0 errors, 0 left on base; Watertown 0 - Pueblo 0
TOP OF THE 6TH
Watertown Headhunters batting - Pitching for Pueblo Prairie Dogs : RHP Alonso Palmeiro
Batting: RHB Trent Rowe 0-0: Foul Ball, location: 2F
0-1: Foul Ball, location: 2F
0-2: SOLO HOME RUN (Flyball, 78XD), Distance : 422 ft
Batting: LHB Leonardo Torres 0-0: Foul Ball, location: 2F
0-1: Ball
1-1: Ground out U3 (Groundball, 34S)
Batting: RHB Robinson Martínez 0-0: Called Strike
0-1: Foul Ball, location: 2F
0-2: Ball
1-2: Strikes out swinging
Batting: SHB Carlos González 0-0: Fly out, F7 (Flyball, 78D)
Top of the 6th over - 1 run, 1 hit, 0 errors, 0 left on base; Watertown 1 - Pueblo 0
BOTTOM OF THE 6TH
Pueblo Prairie Dogs batting - Pitching for Watertown Headhunters : LHP Félix Quental
Batting: LHB Jason King 0-0: Ball
1-0: Ball
2-0: SINGLE (Groundball, 4MD)
Batting: LHB Jesse Bowen 0-0: Swinging Strike
0-1: Ball
1-1: Foul Ball, location: 2F
1-2: Ball
2-2: Strikes out swinging
Batting: SHB Jeff Page 0-0: Ball
1-0: Foul Ball, location: 2F
1-1: Grounds into double play, 5-4-3 (Groundball, 56)
Bottom of the 6th over - 0 runs, 1 hit, 0 errors, 0 left on base; Watertown 1 - Pueblo 0
TOP OF THE 7TH
Watertown Headhunters batting - Pitching for Pueblo Prairie Dogs : RHP Alonso Palmeiro
Batting: RHB Pedro López 0-0: Ball
1-0: Called Strike
1-1: Called Strike
1-2: Ball
2-2: Ball
3-2: Foul Ball, location: 2F
3-2: Foul Ball, location: 2F
3-2: SINGLE (Groundball, 4D)
Batting: RHB Andrés Gutiérrez 0-0: Bunted foul
0-1: Bunted foul
0-2: Foul Ball, location: 2F
0-2: Foul Ball, location: 2F
0-2: SINGLE (Groundball, 4MD)
Pedro López to second
Runner from 2nd tries for 3rd, SAFE, no throw
Batting: RHB Paco Canó 0-0: Ball
1-0: Called Strike
1-1: Ball
2-1: Called Strike
2-2: Ball
3-2: SINGLE (Groundball, 6M)
Pedro López scores
Andrés Gutiérrez to second
Runner from 2nd tries for 3rd, SAFE, no throw
Pitching: RHP António Rey
Batting: LHB José Deleón 0-0: Ball
1-0: SINGLE (Groundball, 34D)
Andrés Gutiérrez scores
Paco Canó to second
Runner from 2nd tries for 3rd, SAFE, no throw
Batting: RHB John Weber 0-0: Called Strike
0-1: Ball
1-1: Foul Ball, location: 2F
1-2: Ball
2-2: Strikes out swinging
Batting: RHB Trent Rowe 0-0: Ground out 5-3 (Groundball, 56)
José Deleón to second
Batting: LHB Leonardo Torres 0-0: Fly out, F9 (Flyball, 89S)
Top of the 7th over - 2 runs, 4 hits, 0 errors, 2 left on base; Watertown 3 - Pueblo 0
BOTTOM OF THE 7TH
Pueblo Prairie Dogs batting - Pitching for Watertown Headhunters : LHP Félix Quental
Batting: RHB Jason Fuller 0-0: Ground out 6-3 (Groundball, 6)
Batting: LHB Ronaldo Trovisqueira 0-0: Called Strike
0-1: Ball
1-1: Swinging Strike
1-2: SINGLE (Line Drive, 89S)
Pitching: RHP Darren Dailey
Batting: RHB Carlos Hernández 0-0: Ball
1-0: Ball
2-0: Foul Ball, location: 2F
2-1: Fly out, F5 (Line Drive, 56)
Pitching: RHP Scott Sheppard
Batting: LHB Juan Branch 0-0: Ball
1-0: Called Strike
1-1: Foul Ball, location: 2F
1-2: Ball
2-2: SINGLE (Line Drive, 7LS)
Ronaldo Trovisqueira to second
Batting: RHB Lawrence Fairfield 0-0: Ground out 5-3 (Groundball, 56S)
Bottom of the 7th over - 0 runs, 2 hits, 0 errors, 2 left on base; Watertown 3 - Pueblo 0
TOP OF THE 8TH
Watertown Headhunters batting - Pitching for Pueblo Prairie Dogs : RHP António Rey
Batting: RHB Robinson Martínez 0-0: Called Strike
0-1: DOUBLE (Flyball, 89D)
Batting: SHB Carlos González 0-0: Intentional Walk
Batting: RHB Pedro López 0-0: Foul Ball, location: 2F
0-1: Called Strike
0-2: Hit by Pitch
Robinson Martínez to third
Carlos González to second
Batting: RHB Andrés Gutiérrez 0-0: Ball
1-0: Foul Ball, location: 2F
1-1: Foul Ball, location: 2F
1-2: Ball
2-2: Ball
3-2: Strikes out swinging
Batting: RHB Paco Canó 0-0: Called Strike
0-1: Swinging Strike
0-2: Ball
1-2: Strikes out swinging
Batting: LHB José Deleón 0-0: Foul Ball, location: 2F
0-1: Foul Ball, location: 2F
0-2: Ball
1-2: Ball
2-2: Foul Ball, location: 2F
2-2: Strikes out looking
Top of the 8th over - 0 runs, 1 hit, 0 errors, 3 left on base; Watertown 3 - Pueblo 0
BOTTOM OF THE 8TH
Pueblo Prairie Dogs batting - Pitching for Watertown Headhunters : RHP Scott Sheppard
Batting: RHB Ramón Garza 0-0: Foul Ball, location: 2F
0-1: Ball
1-1: Ball
2-1: Foul Ball, location: 2F
2-2: Fly out, F9 (Line Drive, 9)
Batting: LHB Jason King 0-0: Called Strike
0-1: Called Strike
0-2: Ball
1-2: Strikes out swinging
Batting: LHB Jesse Bowen 0-0: Called Strike
0-1: Ball
1-1: Ball
2-1: Ground out 4-3 (Groundball, 4)
Bottom of the 8th over - 0 runs, 0 hits, 0 errors, 0 left on base; Watertown 3 - Pueblo 0
TOP OF THE 9TH
Watertown Headhunters batting - Pitching for Pueblo Prairie Dogs : RHP António Rey
Batting: RHB John Weber 0-0: Foul Ball, location: 2F
0-1: Ball
1-1: Ball
2-1: Called Strike
2-2: Ball
3-2: Foul Ball, location: 2F
3-2: Foul Ball, location: 2F
3-2: Foul Ball, location: 2F
3-2: Base on Balls
Batting: RHB Trent Rowe 0-0: Ball
1-0: Ball
2-0: Fly out, F8 (Flyball, 8LD)
Batting: LHB Leonardo Torres 0-0: Ball
1-0: Called Strike
Pickoff Throw by Catcher to First - Error! E2
John Weber to second
1-1: Intentional Walk
Batting: RHB Robinson Martínez 0-0: Foul Ball, location: 2F
0-1: Ball
1-1: Ball
2-1: Ball
3-1: SINGLE (Line Drive, 7S)
John Weber to third
Leonardo Torres to second
Runner from 3rd tries for Home, SAFE, no throw
Batting: SHB Carlos González 0-0: Ball
Wild Pitch!
Leonardo Torres to third
Robinson Martínez to second
1-0: Intentional Walk
Batting: RHB Pedro López 0-0: Fly out, F7 (Flyball, 78M)
Throwing error, E7
Leonardo Torres scores
Robinson Martínez to third
Carlos González to second
Batting: RHB Andrés Gutiérrez 0-0: SINGLE (Groundball, 6MD)
Robinson Martínez scores
Carlos González to third
Runner from 3rd tries for Home, throw and OUT!
Top of the 9th over - 3 runs, 2 hits, 2 errors, 1 left on base; Watertown 6 - Pueblo 0
BOTTOM OF THE 9TH
Pueblo Prairie Dogs batting - Pitching for Watertown Headhunters : RHP Scott Sheppard
Batting: SHB Jeff Page 0-0: Ball
1-0: Foul Ball, location: 2F
1-1: Swinging Strike
1-2: Ball
2-2: Strikes out swinging
Batting: RHB Jason Fuller 0-0: Ball
1-0: Called Strike
1-1: Swinging Strike
1-2: Strikes out swinging
Batting: LHB Ronaldo Trovisqueira 0-0: Fly out, F8 (Line Drive, 8LD)
Bottom of the 9th over - 0 runs, 0 hits, 0 errors, 0 left on base; Watertown 6 - Pueblo 0
Saturday, April 7th, 2018 - OOTP Baseball 18.8 Build 76